 Dungeon Crawl Stone Soup version 0.27.1-34-g3ba077fa99 (webtiles) character file.

Game seed: 7299052410529696596

157 LLlMATKO the Cudgeller (level 5, -2/70 HPs)
             Began as a Minotaur Berserker on Jan 9, 2022.
             Was a Believer of Trog.
             Slain by Grinder (10 damage)
             ... on level 3 of the Dungeon.
             The game lasted 00:02:11 (3993 turns).

LLlMATKO the Cudgeller (Minotaur Berserker)         Turns: 3993, Time: 00:02:11

Health: -2/70      AC:  2    Str: 21    XL:     5   Next: 15%
Magic:  4/4        EV: 12    Int:  4    God:    Trog [**....]
Gold:   153        SH:  0    Dex: 11    Spells: 4/4 levels left

rFire    . . .     SeeInvis .   a - +0 mace
rCold    . . .     Faith    .   (no shield)
rNeg     . . .     Spirit   .   b - +0 animal skin
rPois    .         Reflect  .   (helmet restricted)
rElec    .         Harm     .   (no cloak)
rCorr    .         Rampage  .   (no gloves)
Will     .....                  (no boots)
Stlth    ..........             (no amulet)
HPRegen  0.21/turn              m - ring of flight
MPRegen  0.09/turn              (no ring)

@: berserking (expiring), flying, very quick
A: horns 2, retaliatory headbutt
a: Renounce Religion, Berserk, Trog's Hand


You were on level 3 of the Dungeon.
You worshipped Trog.
Trog was pleased with you.
You visited 1 branch of the dungeon, and saw 3 of its levels.

You collected 153 gold pieces.

Inventory:

Hand Weapons
 a - a +0 mace (weapon)
Missiles
 j - 5 poisoned darts (quivered)
Armour
 b - a +0 animal skin (worn)
Jewellery
 m - a ring of flight (left hand)
Scrolls
 c - a scroll of enchant armour {unknown}
 d - 2 scrolls of identify {unknown}
 e - a scroll of acquirement {unknown}
 f - a scroll of fog {unknown}
 h - a scroll of summoning {unknown}
 i - a scroll of fear {unknown}
 l - a scroll of amnesia {unknown}
 o - a scroll of silence {unknown}
Potions
 g - a potion of might {unknown}
 k - 2 potions of magic {unknown}
 n - 2 potions of brilliance {unknown}


   Skills:
 + Level 4.7 Fighting
 + Level 4.7 Maces & Flails
 + Level 3.9 Armour
 + Level 3.5 Dodging


You had 4 spell levels left.
You didn't know any spells.
Your spell library was empty.

Dungeon Overview and Level Annotations

Branches:
Dungeon (3/15)

Altars:

Annotations:
D:3 1 runed translucent door, Crazy Yiuf, Grinder


Innate Abilities, Weirdness & Mutations

You have a pair of horns on your head.
You reflexively headbutt those who attack you in melee.


Message History

Grinder drinks a potion.
Grinder suddenly seems more resistant.
Grinder gestures at you.
You suddenly lose the ability to move!
Grinder hits you!
You writhe in agony.
Grinder says, "Wait up."
Grinder hits you.
You writhe in agony.
Grinder hits you!
You writhe in agony.
You can move again.
Unknown command.
A red film seems to cover your vision as you go berserk!
You feel yourself moving faster!
You feel mighty! Grinder hits you.
You writhe in agony.
* * * LOW HITPOINT WARNING * * *
You completely miss Grinder. You headbutt Grinder!
Grinder is moderately wounded.
Grinder hits you.
* * * LOW HITPOINT WARNING * * *
You writhe in agony.
* * * LOW HITPOINT WARNING * * *
You thump Grinder! Your headbutt misses Grinder.
Grinder is heavily wounded.
You closely miss Grinder. Your headbutt misses Grinder.
Grinder is heavily wounded.
Grinder blinks!
You barely miss Grinder.
Grinder is heavily wounded.
Grinder hits you.
* * * LOW HITPOINT WARNING * * *
You writhe in agony.
* * * LOW HITPOINT WARNING * * *
You thump Grinder!
Grinder is severely wounded.
You closely miss Grinder.
Grinder is severely wounded.
Grinder hits you.
* * * LOW HITPOINT WARNING * * *
You closely miss Grinder.
Grinder is severely wounded.
Grinder hits you!
You die...

. .# . . .#. #..
#.# #.# #.# #@# #5#
## #.# .# #.# .#
#.# .# #.#
.###############.#
.#......)))รท.....#
.#.###############


You could see Grinder (resistant).

Vanquished Creatures
  A wyvern skeleton (D:3)
  Robin (D:3)
  2 adders (D:2)
  A shadow imp (D:3)
  A worm (D:3)
  3 dart slugs
  An orc (D:3)
  3 endoplasms
  3 giant cockroaches (D:1)
  6 hobgoblins
  6 quokkas
  6 ball pythons
  4 bats
  4 frilled lizards
  7 goblins
  A kobold (D:1)
  8 rats
58 creatures vanquished.

Notes
Turn   | Place    | Note
-------+----------+-------------------------------------------
     0 | D:1      | LLlMATKO the Minotaur Berserker began the quest for the
                  | Orb.
     0 | D:1      | Reached XP level 1. HP: 19/19 MP: 0/0
   379 | D:1      | Reached XP level 2. HP: 27/27 MP: 1/1
   558 | D:1      | Found a faded altar of an unknown god.
  1166 | D:1      | Reached ** piety under Trog
  1167 | D:1      | Reached XP level 3. HP: 33/33 MP: 2/2
  1296 | D:1      | Found a faded altar of an unknown god.
  3040 | D:3      | Reached XP level 4. HP: 40/40 MP: 3/3
  3384 | D:3      | HP: 3/61 [wyvern skeleton (4)]
  3386 | D:3      | Reached XP level 5. HP: 4/47 MP: 4/4
  3707 | D:3      | Noticed Robin
  3719 | D:3      | Killed Robin
  3933 | D:3      | Found a runed translucent door.
  3934 | D:3      | Noticed Crazy Yiuf
  3977 | D:3      | Noticed Grinder
  3980 | D:3      | Paralysed by Grinder for 5 turns
  3993 | D:3      | Slain by Grinder

Illustrated notes

Levels and vault maps discovered:
D:1:      lightli_arrival_windingriver, layout_basic,
          dreamdust_ecumenical_altar_angels_and_demons,
          hangedman_decor_clover_reticule, minmay_pentomino_s4
D:2:      layout_rooms
D:3:      layout_basic, minmay_unequal, uniq_robin, uniq_crazy_yiuf_cottage,
          uniq_terence, uniq_grinder

Skill      XL: |  1  2  3 |
---------------+----------+-----
Fighting       | 4 |  4.7
Maces & Flails | 4 |  4.7
Armour         | 3 |  3.9
Dodging        | 3 |  3.5

Action                   |  1- 3 |  4- 6 || total
-------------------------+-------+-------++-------
Melee: Mace              |    81 |    33 ||   114
       Headbutt          |    13 |     5 ||    18
Invok: Berserk           |     1 |     3 ||     4
 Stab: Sleeping          |     1 |       ||     1
Armor: Animal skin       |    16 |     2 ||    18
Dodge: Dodged            |    74 |    14 ||    88
